Build Orders - Guess two 8 rads is light spamming - cohdb - Company of Heroes 3 Replays
cohdb
Replays
Latest Replays
All Replays
Popular Replays
Top Player Replays
Match Explorer
How It Works
Community
CoH3 Stats
Reddit
Sign in to upload your games and track your stats! →
Sign in with Steam
Guess two 8 rads is light spamming
Match 27652910
Overview
Messages
Build Orders
End
Engineer Squad
Construct Barracks
Selects Armored Battlegroup
Selects Veteran Crews
1⁄4-ton 4x4 Truck
Riflemen Squad
Riflemen Squad
Infantry Support Center
Construct Motor Pool
M8 Greyhound Armored Car
M1 Anti-tank Gun Team
Selects M31 Recovery Vehicle
Construct Medical Station
M1 Mortar Team
Grenade Package
Selects War Machine
Selects Fast Deploy
Riflemen Squad
M1918 Browning Automatic Rifles
M8 Greyhound Armored Car
M8 Greyhound Armored Car
Selects Seek and Destroy
M1 Anti-tank Gun Team
M8 Greyhound Armored Car
M1 Anti-tank Gun Team
Riflemen Squad
Stana
Elite_1650
0
0
Comments
sign in to comment!
No comments posted yet!